 Dungeon Crawl Stone Soup version 0.31-a0-726-g3c93526463 (webtiles) character file.

Game seed: 17038956815143129356

49 Nedwor the Changeling (level 3, 0/27 HPs)
             Began as a Merfolk Shapeshifter on Sept 5, 2023.
             Slain by an iguana (11 damage)
             ... on level 3 of the Dungeon on Sept 11, 2023.
             The game lasted 00:02:48 (1811 turns).

Nedwor the Changeling (Merfolk Shapeshifter)        Turns: 1811, Time: 00:02:49

Health: 0/27       AC:  2    Str: 16    XL:     3   Next: 77%
Magic:  3/3        EV: 13    Int:  9    God:
Gold:   61         SH:  0    Dex: 13    Spells: 2/2 levels left

rFire   . .          .
                       - Unarmed
rCold   . . .        (no shield)
rNeg    . . .        a - +0 animal skin
rPois   +            (helmet currently unavailable)
rElec   .            (cloak currently unavailable)
rCorr   .            (gloves currently unavailable)
SInv    .            (boots currently unavailable)
Will    .....        (no amulet)
Stlth   +            j - ring of poison resistance
HPRegen 0.24/turn    (no ring)
MPRegen 0.08/turn

%: no passive effects
@: beast-form
A: beast (slay +2), (nimble swimmer 2), mertail
a: Begin Untransformation


You were on level 3 of the Dungeon.
You were a hulking beast.
You visited 1 branch of the dungeon, and saw 3 of its levels.

You collected 61 gold pieces.

Inventory:

Armour
 a - a +0 animal skin (worn)
Jewellery
 j - a ring of poison resistance (left hand)
Talismans
 c - a beast talisman (active)
 d - a flux talisman
Scrolls
 e - a scroll of fear {unknown}
 f - a scroll of revelation {unknown}
 g - a scroll of brand weapon {unknown}
Potions
 b - a potion of lignification
 h - 2 potions of brilliance {unknown}
 i - a potion of attraction {unknown}


   Skills:
 + Level 2.0 Fighting
 + Level 3.5 Dodging
 + Level 3.8 Unarmed Combat
 + Level 4.5 Shapeshifting


You had 2 spell levels left.
You didn't know any spells.
Your spell library contained the following spells:

 Spells                   Type           Power      Damage    Failure   Level
 Ozocubu's Armour         Ice            0%         N/A       77%         3
 Ozocubu's Refrigeration  Ice            0%         4d7       100%        7


Dungeon Overview and Level Annotations

Branches:
Dungeon (3/15)

Altars:


Innate Abilities, Weirdness & Mutations

You are a hulking beast.
Your limbs bulge with bestial killing power. (Slay +2)
((You are very nimble when in or above water. (Stealth+, EV+, Speed+++)))
Your lower body shifts to a powerful aquatic tail in water.


Message History

The kobold is heavily wounded.
The kobold barely misses you.
You closely miss the kobold.
The kobold is heavily wounded.
The kobold closely misses you.
You barely miss the kobold.
The kobold is heavily wounded.
The kobold hits you but does no damage.
You closely miss the kobold.
The kobold is heavily wounded.
The kobold hits you but does no damage.
You punch the kobold!
You kill the kobold!
The iguana hisses menacingly.
The iguana barely misses you.
Things that are here:
a +0 dagger; 5 stones You hit the iguana.
The iguana is lightly wounded.
The iguana bites you but does no damage.
You hit the iguana but do no damage.
The iguana is lightly wounded.
The iguana barely misses you.
You hit the iguana but do no damage.
The iguana is lightly wounded.
The iguana bites you!
You hit the iguana.
The iguana is heavily wounded.
The iguana bites you.
You are too injured to fight recklessly!
You are too injured to fight recklessly!
You are too injured to fight recklessly!
You are too injured to fight recklessly!
You are too injured to fight recklessly!
You are too injured to fight recklessly!
An iguana is nearby!
You hit the iguana but do no damage.
The iguana is heavily wounded.
The iguana bites you!
You die...

#########
#####.......#
............# #
.#.##..<....##.#####
#.......hl......
...........##......
....#.......# .....
.#.##.......# ....
......####### ...
...### .. .


You could see an iguana.

Vanquished Creatures
  3 dart slugs (D:2)
  3 bats
  7 endoplasms
  A giant cockroach (D:2)
  6 goblins
  2 hobgoblins
  3 kobolds
  2 quokkas
  5 ball pythons
  3 frilled lizards
  5 rats
40 creatures vanquished.

Notes
Turn   | Place    | Note
-------+----------+-------------------------------------------
     0 | D:1      | Nedwor the Merfolk Shapeshifter began the quest for the
                  | Orb.
     0 | D:1      | Reached XP level 1. HP: 15/15 MP: 1/1
   226 | D:1      | Reached XP level 2. HP: 17/21 MP: 2/2
   807 | D:1      | Reached XP level 3. HP: 19/27 MP: 3/3
  1743 | D:2      | Upgraded the game from 0.31-a0-675-g238779eb0a to
                  | 0.31-a0-726-g3c93526463
  1811 | D:3      | Slain by an iguana

Illustrated notes

Levels and vault maps discovered:
D:1:      wander_arrival_peaceful_grave, layout_loops_corners,
          chequers_serial_rivers_room_a
D:2:      layout_basic
D:3:      layout_loops_cross, uniq_sigmund, uniq_terence

Skill      XL: |  1  2  3 |
---------------+----------+-----
Dodging        | 3 |  3.5
Fighting       | 2 |  2.0
Unarmed Combat | |  3.8
Shapeshifting  | |  4.5

Action                     || total
---------------------------++-------
  Melee: Unarmed           ||   115
   Stab: Sleeping          ||     1
 Armour: Animal skin       ||    58
  Dodge: Dodged            ||    61
   Form: Beast             ||     2
                           ||     1
         Flux              ||     1

Table legend: (Time is in decaauts)
 A = Elapsed time spent in this place.
 B = Non-inter-level travel time spent in this place.
 C = Inter-level travel time spent in this place.
 D = Time resting spent in this place.
 E = Time spent auto-exploring this place.
 F = Levels seen in this place.
 G = Mean time per level.
                   A        B        C        D        E       F      G
               +--------+--------+--------+--------+--------+-----+--------+
         Total |   1801 |   1757 |     44 |      0 |   1499 |   3 |  600.3 |
       Dungeon |   1801 |   1757 |     44 |      0 |   1499 |   3 |  600.3 |
               +--------+--------+--------+--------+--------+-----+--------+

Top non-repeatable levels by time:
     D:2: 947 daAuts
     D:1: 825 daAuts
     D:3: 29 daAuts
